 Dungeon Crawl Stone Soup version 0.25-a0-200-g5ba96148f3 (webtiles) character file.

Game seed: 12741107859277313348, levelgen mode: deterministic

268 floatRand the Slasher (level 5, -10/41 HPs)
             Began as a Demigod Skald on Dec 1, 2019.
             Mangled by an ogre
             ... wielding a +0 giant club
              (29 damage)
             ... on level 3 of the Dungeon.
             The game lasted 00:04:43 (3433 turns).

floatRand the Slasher (Demigod Skald)               Turns: 3433, Time: 00:04:43

Health: -10/41     AC:  4    Str: 16    XL:     5   Next: 68%
Magic:  10/10      EV: 13    Int: 17    God:
Gold:   151        SH:  0    Dex: 15    Spells: 1/7 levels left

rFire    . . .     SeeInvis .   l - +0 long sword
rCold    . . .     Gourm    .   (no shield)
rNeg     . . .     Faith    .   b - +0 leather armour
rPois    .         Spirit   .   (no helmet)
rElec    .         Reflect  .   (no cloak)
rCorr    .         Harm     .   m - +0 pair of gloves
MR       .....                  (no boots)
Stlth    ++........             (no amulet)
HPRegen  0.13/turn              (no ring)
MPRegen  0.12/turn              (no ring)

@: no status effects
A: high mp 1
a: no special abilities


You were on level 3 of the Dungeon.
You were not hungry.

You visited 1 branch of the dungeon, and saw 3 of its levels.

You collected 151 gold pieces.

Inventory:

Hand Weapons
 a - a +0 falchion
 l - a +0 long sword (weapon)
Armour
 b - a +0 leather armour (worn)
 j - a +0 plate armour
 m - a +0 pair of gloves (worn)
Jewellery
 g - an uncursed ring of fire
Scrolls
 c - 2 scrolls of identify {unknown}
 e - 3 scrolls of teleportation {unknown}
 f - a scroll of fog {unknown}
 h - 2 scrolls of enchant weapon {unknown}
 i - 3 scrolls of remove curse {unknown}
 k - a scroll of fear {unknown}
Comestibles
 d - 5 rations
 n - 5 chunks of flesh


   Skills:
 - Level 1.7 Fighting
 * Level 3.9 Long Blades
 - Level 0.8 Armour
 + Level 3.0 Dodging
 + Level 2.0 Stealth
 - Level 1.7 Spellcasting
 + Level 3.6 Charms


You had one spell level left.
You knew the following spells:

 Your Spells              Type           Power        Failure   Level  Hunger
a - Infusion              Chrm           ##..         5%          1    #......
b - Regeneration          Chrm/Necr      #.........   34%         3    ###....
c - Song of Slaying       Chrm           ##......     9%          2    ###....

Your spell library contained the following spells:

 Spells                   Type           Power        Failure   Level  Hunger
 Shroud of Golubria       Chrm/Tloc      #.....       17%         2    ###....
 Spectral Weapon          Hex/Chrm       #.......     34%         3    ###....


Dungeon Overview and Level Annotations

Branches:
Dungeon (3/15)

Annotations:
D:3 3 runed translucent doors, vurker's ghost, amateur FoAK


Innate Abilities, Weirdness & Mutations

You have an increased reservoir of magic. (+10% MP)


Message History

14 stones; a dagger A worm comes into view.
You aren't carrying any items that you can evoke.
Unknown command.
The ogre shouts!
Found a scroll labeled OREH NYUMOUR.
An orc comes into view. It is wielding a +0 hand axe.
Found a stone staircase leading up.
The orc shouts!
Things that are here:
14 stones; a dagger You hit the worm.
The worm is moderately wounded.
The worm bites you but does no damage. The ogre hits you with a +0 giant club!
The ogre hits you with a +0 giant club!
You see here a scroll labeled OREH NYUMOUR.
The ogre hits you with a +0 giant club!!
Ouch! That really hurt!
You die...

####.##.#KW.....#..#
##''##
.....##.#.W.....#..#
##≈..≈##
.#.####.#.##.##.#..#
##≈≈..≈≈##
###.###.#.##.##.#..#
#≈≈##.#≈≈# #
##(##.#.##.##.#..#
#≈.#.#..≈#
###.....#..%g...#..#
#≈..#.#.≈#
##.####.#...KW..#..#
#≈≈#.##≈≈# ###
##.#########..####≈≈..≈≈##
#<.....wo.O@.....##≈≈≈≈##
#.#####(#.###..^..######
#####.# #.#.# .####
#.....# #.#.# .. #####O#
#.#.# ## #.#####.#.#
#####.##......##
#.......O.........
#####.##.##.##.?.<.


You could see an ogre, a worm and an orc.

Vanquished Creatures
  3 vampire bats (D:2)
  A bullfrog zombie (D:3)
  5 adders (D:2)
  A shadow imp (D:2)
  3 worms
  An orc (D:3)
  8 bats
  4 bat skeletons (D:2)
  2 bat zombies (D:2)
  A giant cockroach (D:1)
  5 goblins
  5 hobgoblins
  6 kobolds
  A ball python (D:2)
  7 rats
53 creatures vanquished.

Notes
Turn   | Place    | Note
-------+----------+-------------------------------------------
     0 | D:1      | floatRand the Demigod Skald began the quest for the Orb.
     0 | D:1      | Reached XP level 1. HP: 17/17 MP: 5/5
   325 | D:1      | Reached XP level 2. HP: 24/24 MP: 7/7
  1355 | D:2      | Reached XP level 3. HP: 28/29 MP: 8/8
  2283 | D:2      | Reached XP level 4. HP: 35/36 MP: 9/9
  2284 | D:2      | Reached skill level 1 in Stealth
  2301 | D:2      | Found an ancient bone altar of Kikubaaqudgha.
  2323 | D:2      | Reached XP level 5. HP: 7/41 MP: 10/10
  2913 | D:3      | Noticed an ogre
  3000 | D:2      | Learned a level 3 spell: Regeneration
  3003 | D:2      | Learned a level 2 spell: Song of Slaying
  3004 | D:3      | Found a runed translucent gate.
  3004 | D:3      | Found a runed translucent gate.
  3009 | D:3      | Noticed vurker's ghost (amateur FoAK)
  3011 | D:3      | Found a runed translucent gate.
  3219 | D:3      | Found a white marble altar of Elyvilon.
  3433 | D:3      | Mangled by an ogre

Levels and vault maps discovered:
D:1:      mrwooster_arrival_statue_3, layout_basic
D:2:      layout_loops_ring, kennysheep_vampire_church, first_ration
D:3:      layout_loops_ring, elyvilon_altar_3,
          chequers_temple_overflow_minitemple, gammafunk_ghost_split,
          kennysheep_generic_room_3

Skill      XL: |  1  2  3  4  5 |
---------------+----------------+-----
Long Blades    | 2 3 |  3.9
Dodging        | 2 3 |  3.0
Charms         | 3 |  3.6
Stealth        | 1 2 |  2.0
Fighting       | |  1.7
Armour         | |  0.8
Spellcasting   | |  1.7

Action                   |  1- 3 |  4- 6 || total
-------------------------+-------+-------++-------
Melee: Falchion          |   109 |    64 ||   173
       Long sword        |       |     8 ||     8
  Use: Potion            |     1 |       ||     1
 Stab: Sleeping          |     2 |     1 ||     3
  Eat: Chunk             |     4 |     4 ||     8
Armor: Leather armour    |    30 |    39 ||    69
Dodge: Dodged            |   107 |    86 ||   193
       Rpst.: Falchion   |    38 |    17 ||    55
       Long sword        |       |     1 ||     1

Table legend:
 A = Non-vault XP
 B = Vault XP
 C = Vault XP percentage of total XP
 D = Non-vault monster count
 E = Vault monster count
 F = Vault count percentage of total count
                 A         B        C        D         E       F
            +---------+---------+-------+---------+---------+-------
      Total |     198 |     185 |  48.3 |      43 |      10 |  18.9
            +---------+---------+-------+---------+---------+-------
        D:1 |      24 |       0 |   0.0 |      13 |       0 |   0.0
        D:2 |     116 |     184 |  61.3 |      25 |       9 |  26.5
        D:3 |      58 |       1 |   1.7 |       5 |       1 |  16.7
            +---------+---------+-------+---------+---------+-------
